cohdb
Replays
Latest Replays
All Replays
Popular Replays
Top Player Replays
Match Explorer
How It Works
Community
CoH3 Stats
Reddit
Sign in to upload your games and track your stats! →
Sign in with Steam
Match 38689356
Unlisted
Match 38689356
Overview
Messages
Build Orders
End
Selects Airborne Battlegroup
Selects Pathfinders
Pathfinder Squad
Pathfinder Squad
Pathfinder Squad
Construct Medical Station
Selects Paratrooper Squad Paradrop
Paratrooper Squad Paradrop
Paratrooper Squad Paradrop
Infantry Support Center
Paratrooper Squad Paradrop
Survival Training
Paratrooper Squad Paradrop
Munitions Surplus
Selects Anti-tank Gun Team Paradrop
Selects Recon Loiter
Advanced Logistics
Selects Supply Drop
Supply Drop
Supply Drop
Recon Loiter
ConcernedApe
最后一战
ibra_iq
TardberryPickles
0
0
Comments
sign in to comment!
No comments posted yet!